 Dungeon Crawl Stone Soup version 0.23.2-1-ga50397a (webtiles) character file.

Game seed: 1858821152109261380

3179 night the Destroyer (level 9, -3/62 HPs)
             Began as a Yellow Draconian Conjurer on May 5, 2019.
             Was a Follower of Vehumet.
             Slain by a hell rat (13 damage)
             ... summoned by a deep elf mage
             ... in a bailey.
             The game lasted 00:30:26 (8921 turns).

night the Destroyer (Yellow Draconian Conjurer)     Turns: 8921, Time: 00:30:27

Health: -3/62      AC:  7    Str: 14    XL:     9   Next: 63%
Magic:  10/29      EV: 12    Int: 18    God:    Vehumet [*.....]
Gold:   61         SH:  0    Dex: 12    Spells: 12/22 levels left

rFire    . . .     SeeInvis .   B - +6 flail (crush)
rCold    . . .     Gourm    .   (no shield)
rNeg     . . .     Faith    .   (armour unavailable)
rPois    .         Spirit   .   (helmet restricted)
rElec    .         Reflect  .   (no cloak)
rCorr    +         Harm     .   (no gloves)
MR       .....                  (no boots)
Stlth    ++........             (no amulet)
HPRegen  0.20/turn              q - +3 ring of strength
MPRegen  0.21/turn              n - ring of magical power

@: lightly drained
A: spit acid, unfitting armour, cold-blooded, acid resistance, AC +7
a: Breathe Acid, Renounce Religion


You were in a bailey.
You worshipped Vehumet.
Vehumet was aware of your devotion.
You were not hungry.

You visited 2 branches of the dungeon, and saw 8 of its levels.
You also visited: Bailey.

You collected 301 gold pieces.
You spent 240 gold pieces at shops.

Inventory:

Hand Weapons
 a - a +0 spear of piercing
 b - a +0 arbalest
 B - a +6 flail of crushing (weapon)
 D - a +2 whip of venom
Missiles
 d - 176 stones (quivered)
 f - 76 arrows
 l - 38 bolts
 y - 7 tomahawks
Jewellery
 n - a ring of magical power (right hand)
 q - a +3 ring of strength (left hand)
 r - an uncursed ring of positive energy
Wands
 c - a wand of enslavement (12)
 p - a wand of digging (6)
Scrolls
 h - a scroll of random uselessness {unknown}
 m - 3 scrolls of fog
 v - 2 scrolls of magic mapping
Potions
 e - 3 potions of resistance {unknown}
 k - 3 potions of curing
 o - 3 potions of brilliance
 s - 2 potions of lignification
 t - a potion of cancellation {unknown}
 w - 2 potions of heal wounds {unknown}
 x - 2 potions of agility {unknown}
 z - a potion of invisibility {unknown}
 A - 2 potions of flight {unknown}
 C - a potion of magic {unknown}
Comestibles
 g - 10 rations


   Skills:
 + Level 4.4(4.2) Maces & Flails
 - Level 1.7(1.5) Dodging
 - Level 1.7(1.5) Stealth
 + Level 7.4(7.1) Spellcasting
 + Level 8.8(8.5) Conjurations
 + Level 5.8(5.5) Hexes


You had 12 spell levels left.
You knew the following spells:

 Your Spells              Type           Power        Failure   Level  Hunger
a - Magic Dart            Conj           ####         1%          1    None
b - Searing Ray           Conj           #####.       1%          2    None
c - Fulminant Prism       Conj/Hex       ####......   6%          4    ####...
d - Dazzling Spray        Conj/Hex       ####..       1%          3    ##.....

Your spell library contained the following spells:

 Spells                   Type           Power        Failure   Level  Hunger
 Sting                    Conj/Pois      ###.         1%          1    None
 Iskenderun's Mystic Bla  Conj           #####...     3%          4    ####...
 Force Lance              Conj/Tloc      ###.....     19%         4    ####...


Dungeon Overview and Level Annotations

Branches:
Dungeon (7/15)             Temple (1/1) D:5

Altars:
Ashenzari
Cheibriados
Dithmenos
Elyvilon
Fedhas
Gozag
Hepliaklqana
Kikubaaqudgha
Makhleb
Nemelex Xobeh
Okawaru
Qazlal
Ru
Sif Muna
Trog
Uskayaw
Vehumet
Wu Jian
Xom
Yredelemnul
Zin
The Shining One

Shops:
D:6 =

Annotations:
D:6 2 transporters


Innate Abilities, Weirdness & Mutations

You can spit globs of acid.
Your golden yellow scales are hard. (AC +7)
You cannot fit into any form of body armour.
You are cold-blooded and may be slowed by cold attacks.
You are resistant to acid. (rCorr)


Message History

The hell rat misses you.
You closely miss the deep elf mage.
The deep elf mage is almost dead.
The hell rat bites you.
You closely miss the deep elf mage. You tail-slap the deep elf mage.
The deep elf mage is lightly wounded.
The hell rat closely misses you.
The deep elf mage casts a spell.
The deep elf mage hits you with a +0 rapier.
* * * LOW HITPOINT WARNING * * *
The hell rat bites you.
* * * LOW HITPOINT WARNING * * *
You barely miss the deep elf mage.
The deep elf mage is almost dead.
The deep elf mage mumbles some strange words.
The deep elf mage blinks!
The hell rat bites you!
* * * LOW HITPOINT WARNING * * *
The deep elf mage closely misses you.
You feel better. The hell rat bites you!
You die...

#####
######...##
##..##..s..# ##
#....#.s...# ..#
#....##...##
...#
##..##s######..#
###)e4###...##
#..e..#@.e..#
#..∩..#re3..#
#.....#e....#
##....#Y...##
#####r##### .#..
.. .... .. ....#
... ....#


You could see 3 deep elf magi, a smoke demon, an ice beast and 2 hell rats.

Vanquished Creatures
  4 deep elf magi (Bailey)
  Eustachio (D:5)
  A hungry ghost (D:5)
  Edmund (D:5)
  2 sky beasts
  An ogre (D:5)
  A scorpion (D:4)
  A crimson imp (D:6)
  A howler monkey (D:6)
  2 bullfrog zombies (D:6)
  A centaur zombie (D:6)
  2 hounds
  A bullfrog skeleton (D:6)
  A centaur skeleton (D:6)
  2 orc priests
  An iguana (D:2)
  3 orc wizards
  4 worker ants
  A howler monkey skeleton (D:4)
  A worker ant zombie (D:6)
  8 adders
  8 gnolls
  2 shadow imps (D:5)
  2 oozes
  6 worms
  4 dart slugs
  4 leopard geckos
  24 orcs
  3 ball pythons
  6 bats
  5 giant cockroaches
  2 goblins (D:2)
  8 hobgoblins
  7 jackals
  11 kobolds
  A quokka (D:2)
  3 frilled lizards
  16 rats
152 creatures vanquished.

Vanquished Creatures (others)
  11 fulminant prisms
11 creatures vanquished.

Grand Total: 163 creatures vanquished

Notes
Turn   | Place    | Note
-------+----------+-------------------------------------------
     0 | D:1      | night the Draconian Conjurer began the quest for the Orb.
     0 | D:1      | Reached XP level 1. HP: 14/14 MP: 3/3
   532 | D:1      | Reached XP level 2. HP: 20/20 MP: 0/5
   583 | D:1      | Learned a level 2 spell: Searing Ray
  1636 | D:2      | Reached XP level 3. HP: 26/26 MP: 1/7
  1966 | D:2      | Reached XP level 4. HP: 33/33 MP: 4/8
  2073 | D:2      | Learned a level 4 spell: Fulminant Prism
  2271 | D:2      | Reached skill level 5 in Conjurations
  2670 | D:2      | Noticed a moth of wrath
  2711 | D:2      | Found a bloodstained altar of Trog.
  3279 | D:2      | Reached XP level 5. HP: 36/38 MP: 7/10
  4239 | D:3      | Found a sparkling altar of Nemelex Xobeh.
  4472 | D:3      | Reached XP level 6. HP: 45/45 MP: 10/12
  4492 | D:3      | Learned a level 3 spell: Dazzling Spray
  4845 | D:4      | Reached skill level 6 in Conjurations
  4904 | D:4      | Found a shadowy altar of Dithmenos.
  5135 | D:4      | Reached skill level 1 in Hexes
  5644 | D:5      | Entered Level 5 of the Dungeon
  5791 | D:5      | Found a staircase to the Ecumenical Temple.
  5800 | D:5      | Noticed a hungry ghost
  5814 | D:5      | Killed a hungry ghost
  5814 | D:5      | Reached skill level 5 in Spellcasting
  5814 | D:5      | Your scales start taking on a golden yellow colour.
  5814 | D:5      | Reached XP level 7. HP: 46/50 MP: 1/14
  5814 | D:5      | Gained mutation: You are resistant to acid. (rCorr) [Yellow
                  | Draconian growth]
  5911 | Temple   | Entered the Ecumenical Temple
  6079 | Temple   | Became a worshipper of Vehumet
  6102 | D:5      | Found a white marble altar of Elyvilon.
  6507 | D:5      | Noticed Eustachio
  6659 | D:5      | Killed Eustachio
  6915 | D:5      | Reached skill level 7 in Conjurations
  7029 | D:5      | Reached XP level 8. HP: 57/57 MP: 9/16
  7090 | D:5      | Found a burning altar of Makhleb.
  7384 | D:6      | Noticed Edmund
  7410 | D:5      | Killed Edmund
  7781 | D:6      | Found a transporter.
  7800 | D:6      | Found a transporter.
  7805 | D:6      | Found a shattered altar of Ashenzari.
  7805 | D:6      | Found an ornate altar of the Wu Jian Council.
  7806 | D:6      | Found a snail-covered altar of Cheibriados.
  7873 | D:6      | Reached skill level 1 in Maces & Flails
  8071 | D:6      | Reached * piety under Vehumet
  8071 | D:6      | Offered knowledge of Sting by Vehumet.
  8463 | D:6      | Found Nugy's Jewellery Shop.
  8471 | D:6      | Bought an uncursed ring of magical power for 240 gold
                  | pieces
  8600 | D:7      | Found a flagged portal.
  8626 | Bailey   | Entered a bailey
  8734 | Bailey   | Noticed a deep elf mage
  8741 | Bailey   | Killed a deep elf mage
  8741 | Bailey   | Reached skill level 8 in Conjurations
  8741 | Bailey   | Reached XP level 9. HP: 39/62 MP: 19/19
  8877 | Bailey   | Noticed a deep elf mage
  8882 | Bailey   | Noticed a deep elf mage
  8883 | Bailey   | Noticed a deep elf mage
  8889 | Bailey   | Noticed a jumping spider
  8890 | Bailey   | Noticed a demonic crawler
  8890 | Bailey   | Noticed a demonic crawler
  8891 | Bailey   | Noticed a rust devil
  8892 | Bailey   | Killed a deep elf mage
  8892 | Bailey   | Reached skill level 5 in Hexes
  8892 | Bailey   | Noticed a deep elf mage
  8900 | Bailey   | Noticed a deep elf mage
  8901 | Bailey   | Killed a deep elf mage
  8905 | Bailey   | Killed a deep elf mage
  8914 | Bailey   | Noticed a deep elf mage
  8920 | Bailey   | Noticed a smoke demon
  8920 | Bailey   | HP: 3/62 [hell rat[a deep elf mage] (11)]
  8921 | Bailey   | Slain by a hell rat

Skill      XL: |  1  2  3  4  5  6  7  8  9 |
---------------+----------------------------+-----
Spellcasting   | 3 4 5 6 7 |  7.4
Conjurations   | 5 6 7 8 |  8.8
Hexes          | 2 3 4 5 |  5.8
Maces & Flails | 2 4 |  4.4
Dodging        | |  1.7
Stealth        | |  1.7

Action                   |  1- 3 |  4- 6 |  7- 9 || total
-------------------------+-------+-------+-------++-------
Melee: Unarmed           |     8 |       |       ||     8
       Spear             |    38 |    76 |    14 ||   128
       Tailslap          |     4 |     8 |    11 ||    23
       Flail             |       |       |    58 ||    58
 Cast: Magic Dart        |    56 |   129 |    59 ||   244
       Searing Ray       |     4 |    19 |    15 ||    38
       Fulminant Prism   |       |       |    11 ||    11
       Dazzling Spray    |       |       |     1 ||     1
 Abil: Breathe Acid      |       |       |     3 ||     3
  Use: Scroll            |       |     7 |     6 ||    13
       Potion            |       |       |     1 ||     1
 Stab: Sleeping          |       |       |     1 ||     1
  Eat: Chunk             |     4 |    10 |    11 ||    25
       Ration            |       |     1 |     1 ||     2
Armor: Skin              |    15 |    36 |    59 ||   110
Dodge: Dodged            |    27 |    60 |   109 ||   196
